 Seeded DCSS version 0.27.1-2-g3b301248ec (webtiles) character file.

Game seed: 14036611466628663890 (custom seed)

5 donath the Skirmisher (level 1, 0/16 HPs)
             Began as an Octopode Abyssal Knight on Sept 28, 2021.
             Was an Initiate of Lugonu.
             Slain by a jackal (1 damage)
             ... on level 1 of the Dungeon.
             The game lasted 00:02:11 (217 turns).

donath the Skirmisher (Octopode Abyssal Knight)      Turns: 217, Time: 00:02:12

Health: 0/16       AC:  1    Str: 11    XL:     1   Next: 80%
Magic:  0/2        EV: 17    Int: 14    God:    Lugonu [......]
Gold:   9          SH:  0    Dex: 11    Spells: 0/0 levels left

rFire    . . .     SeeInvis .   a - +1 spear
rCold    . . .     Faith    .   (no shield)
rNeg     . . .     Spirit   +   (helmet restricted)
rPois    .         Reflect  .   c - amulet of guardian spirit
rElec    .         Harm     .   d - +4 ring of evasion
rCorr    .         Rampage  .   (no ring)
Will     .....                  (no ring)
Stlth    ++........             (no ring)
HPRegen  0.05/turn              (no ring)
MPRegen  0.08/turn              (no ring)
                                (no ring)
                                (no ring)

@: no status effects
A: almost no armour, amphibious, 8 rings, camouflage 1, gelatinous body 1,
(nimble swimmer 1), tentacles
a: Renounce Religion


You were on level 1 of the Dungeon.
You worshipped Lugonu.
Lugonu was noncommittal.
You visited 1 branch of the dungeon, and saw 1 of its levels.
You visited the Abyss 1 time.

You collected 9 gold pieces.

Inventory:

Hand Weapons
 a - a +1 spear (weapon)
Jewellery
 c - an amulet of guardian spirit (around mantle)
 d - a +4 ring of evasion (left tentacle)
Potions
 e - a potion of brilliance {unknown}


   Skills:
 + Level 3.2 Fighting
 + Level 2.0 Polearms
 + Level 2.5 Dodging
 + Level 2.0 Invocations


You couldn't memorise any spells.
You didn't know any spells.
Your spell library contained the following spells:

 Spells                   Type           Power      Damage    Failure   Level
 Static Discharge         Conj/Air       0%         N/A       41%         2
 Gell's Gravitas          Tloc           0%         N/A       65%         3
 Teleport Other           Tloc           0%         N/A       65%         3
 Lightning Bolt           Conj/Air       0%         1d11      100%        5
 Dispersal                Tloc           0%         N/A       100%        6
 Maxwell's Capacitive Co  Air            0%         ∞         100%        8


Dungeon Overview and Level Annotations

Branches:
Dungeon (1/15)

Altars:


Innate Abilities, Weirdness & Mutations

You cannot wear most types of armour.
You are amphibious.
You can wear up to eight rings at the same time.
Your skin changes colour to match your surroundings (Stealth+).
Your rubbery body absorbs attacks. (AC +1, EV +1)
((You are camouflaged near water. (Stealth+)))
You have tentacles for arms and can constrict up to eight enemies at once.


Message History

A giant cockroach is nearby!
A giant cockroach is nearby!
As you read the scroll labelled ENAORU MEPNERU, it crumbles to dust.
You feel aware of your surroundings.
You sensed 1 altar.
It was a scroll of magic mapping.
A giant cockroach is nearby!
The helpless giant cockroach fails to defend itself.
You hit the giant cockroach.
You kill the giant cockroach!
Lugonu accepts your kill. 2 jackals and a goblin come into view.
The jackal barks!
You hear a bark!
The goblin shouts!
The jackal barks!
A jackal comes into view.
A bat comes into view.
A gnoll comes into view.
It is wielding a +2 whip of electrocution.
The goblin barely misses you.
The gnoll shouts!
You hit the goblin. Your grab misses the goblin. You squeeze the goblin.
The goblin is heavily wounded.
The goblin hits you but does no damage.
You hit the goblin.
You kill the goblin!
Lugonu accepts your kill. The jackal misses you.
You hit the gnoll. You grab the gnoll.
The gnoll is moderately wounded.
You constrict the gnoll. The jackal misses you.
The jackal completely misses you. The bat barely misses you.
The gnoll hits you with a +2 whip of electrocution.
You hit the gnoll but do no damage. You squeeze the gnoll.
The gnoll is heavily wounded.
You constrict the gnoll, but do no damage.
The bat hits you. The jackal barely misses you. The jackal bites you.
The gnoll hits you with a +2 whip of electrocution!
* * * LOW HITPOINT WARNING * * *
You hit the gnoll. You squeeze the gnoll.
You kill the gnoll!
Lugonu accepts your kill.
The jackal bites you but does no damage.
The jackal misses you. The bat misses you. The jackal bites you.
You die...

**,,,,,,,,,,,,,*,,,,,,,,,,,
**,,,*,,,,***,*#,,**,,,,,,
*,******,* *,.,,,**,,***,
*,*****,,##*.#*,,,,,** *,
**,**,,,,,.##.##,*,,** *,
*,,**,****.....,,**,*****,
***,,,,,* ##...#*,,**,,,,**,
*,,,,****##)b.#,,^,,*,**,**,
*,,,,* #h@P#,**^,,,,**,,*,
*,,,,* ###hh#.#,,,,,,****,*,
****** #...#.#.#*,,*** *,,,
************#...#.#,#,,,*
**,,
,,,,,,,,,*#...#.#.#,#_,,#*
****,,
,,,,,,,,,*#.###.#.#.#,,..#
*,,,,* ,,,,,,,,,*#.*
#.#.#.##^,.#**,,,,,
,,,,,,,,,,.,*
#..#.#..^...,,,,,,*
,,,,,,,,,#***
#...#.##..#***,,,,,


You could see 3 jackals and a bat.

Vanquished Creatures
  A gnoll (D:1)
  An endoplasm (D:1)
  A giant cockroach (D:1)
  A goblin (D:1)
  A quokka (D:1)
5 creatures vanquished.

Vanquished Creatures (others)
  4 starspawn tentacles (Abyss:1)
4 creatures vanquished.

Grand Total: 9 creatures vanquished

Notes
Turn   | Place    | Note
-------+----------+-------------------------------------------
     0 | Abyss:1  | donath the Octopode Abyssal Knight began the quest for the
                  | Orb.
     0 | Abyss:1  | Reached XP level 1. HP: 16/16 MP: 2/2
   116 | Abyss:1  | Noticed a tentacled starspawn
   124 | Abyss:1  | Noticed a large abomination
   130 | Abyss:1  | Noticed a tentacled starspawn
   132 | D:1      | Escaped the Abyss
   217 | D:1      | Slain by a jackal

Illustrated notes

Levels and vault maps discovered:
D:1:      elethiomel_arrival_infinity_welcomes_careful_drivers, layout_rooms,
          shapermc_ecumenical_altar_rom_forum, minmay_stone_trees_medium,
          minmay_misc_feat_five

Action                   || total
-------------------------++-------
Melee: Spear             ||    10
       Tentacles         ||     4
       Constrict         ||     1
Invok: Depart the Abyss  ||     1
  Use: Scroll            ||     1
 Stab: Sleeping          ||     1
Armor: Skin              ||     2
Dodge: Dodged            ||    13
